 Dungeon Crawl Stone Soup version 0.18-a0-1526-gcb34c7c (webtiles) character file.

840414 4thArraOfDagon the Skullcrusher (level 27, -2/323 HPs)
             Began as an Ogre Arcane Marksman on Mar 8, 2016.
             Was the Champion of Cheibriados.
             Slain by a shadow dragon (10 damage)
             ... called by a doom hound
             ... on level 7 of Tartarus.
             The game lasted 03:41:16 (28411 turns).

4thArraOfDagon the Skullcrusher (OgAM)             Turns: 28411, Time: 03:41:17

Health: -2/323     AC: 15    Str: 59 (60) XL:     27
Magic:  49/50      EV: 29    Int: 59      God:    Cheibriados [******]
Gold:   1634       SH: 39    Dex: 30      Spells: 11 memorised, 19 levels left

rFire  + . .     SeeInvis +     i - +1 eveningstar "Brilliance" {holy, rN+ AC+5 Int+5}
rCold  + + .     Gourm    .     B - +3 robe of Surprise {Int+6 Dex+2}
rNeg   + + .     Faith    .     h - +7 large shield {rPois}
rPois  +         Spirit   .     v - +1 hat "Kasiojul" {rF+ SInv}
rElec  +         Dismiss  .     y - +2 cloak of the Townfolk {rPois rC+} (curse)
rCorr  .         Reflect  +     (gloves unavailable)
SustAt .         Harm     .     (boots unavailable)
MR     ++...                    T - amulet of Temperance {Reflect rElec rC+ Str+8 SH+3 Stlth-}
Stlth  +.........               N - ring "Nomiah" {Wiz Int+9}
                                L - ring of Lugonu's Regard {rN+ Str+7}

@: mighty, brilliant, agile, lethally poisoned (-2 -> -5), glowing, studying 2
skills, drained, very slow, very resistant to hostile enchantments, very
unstealthy
A: unfitting armour, blurry vision 2, clumsy 1, deterioration 1, tough skin 1
a: Bend Time, Temporal Distortion, Slouch, Step From Time, Renounce Religion
}: 8/15 runes: barnacled, slimy, silver, golden, iron, icy, abyssal, gossamer


You were on level 7 of Tartarus.
You worshipped Cheibriados.
Cheibriados was exalted by your worship.
You were very full.

You visited 15 branches of the dungeon, and saw 73 of its levels.
You visited the Abyss 2 times.
You visited 1 ziggurat, and saw 8 of its levels.
You also visited: Labyrinth, Ice Cave and Wizlab.

You collected 3778 gold pieces.
You spent 2124 gold pieces at shops.

Inventory:

Hand Weapons
 i - the +1 eveningstar "Brilliance" (weapon) {holy, rN+ AC+5 Int+5}
   (You acquired it on level 6 of the Dungeon)

   It has been blessed by the Shining One to cause great damage to the undead
   and demons.
   It affects your AC (+5).
   It affects your intelligence (+5).
   It protects you from negative energy.
 X - a +9 eveningstar
Missiles
 c - 90 large rocks (quivered)
 d - a throwing net
Armour
 h - a +7 large shield of poison resistance (worn)
 v - the +1 hat "Kasiojul" (worn) {rF+ SInv}
   (You found it on level 7 of the Lair of Beasts)

   It protects you from fire.
   It lets you see invisible.
 y - the cursed +2 cloak of the Townfolk (worn) {rPois rC+}
   (You found it on level 6 of the Pits of Slime)

   It protects you from cold.
   It protects you from poison.
   It has a curse placed upon it.
 B - the +3 robe of Surprise (worn) {Int+6 Dex+2}
   (You found it on level 5 of the Dungeon)

   It affects your intelligence (+6).
   It affects your dexterity (+2).
Jewellery
 u - the cursed ring "Duvun" {rC+++ rN+ Str-5 SInv}
   (You found it on level 3 of the Crypt)

   [ring of positive energy]

   It affects your strength (-5).
   It renders you almost immune to cold.
   It protects you from negative energy.
   It lets you see invisible.
   It has a curse placed upon it.
 L - the ring of Lugonu's Regard (left hand) {rN+ Str+7}
   (You found it on level 3 of the Crypt)

   [ring of positive energy]

   It affects your strength (+7).
   It protects you from negative energy.
 M - the ring "Nanyg Huffuxt" {rPois rF+++ rN+ Str+2 Dex-2}
   (You found it on level 3 of the Crypt)

   [ring of positive energy]

   It affects your strength (+2).
   It affects your dexterity (-2).
   It renders you almost immune to fire.
   It protects you from poison.
   It protects you from negative energy.
 N - the ring "Nomiah" (right hand) {Wiz Int+9}
   (You took it off a minotaur in a labyrinth)

   [ring of wizardry]

   It improves your spell success rate.
   It affects your intelligence (+9).
 S - the amulet of the Komtur {RegenMP Fragile rElec Int+8 Stlth+}
   (You found it on level 5 of the Vaults)

   [amulet of magic regeneration]

   It increases your magic regeneration.
   It affects your intelligence (+8).
   It insulates you from electricity.
   It will be destroyed if unequipped.
   It makes you more stealthy.
 T - the amulet of Temperance (around neck) {Reflect rElec rC+ Str+8 SH+3 Stlth-}
   (You found it on level 5 of the Vaults)

   [amulet of reflection]

   It shields you and reflects attacks.
   It affects your strength (+8).
   It protects you from cold.
   It insulates you from electricity.
   It affects your SH (+3).
   It makes you less stealthy.
 V - the ring "Wuraff" {rCorr rF+ Int+2}
   (You found it on level 4 of the Shoals)

   [ring of resist corrosion]

   It affects your intelligence (+2).
   It protects you from fire.
Wands
 g - a wand of acid (10/15)
 q - a wand of heal wounds (6/9)
 s - a wand of digging (8/24)
 E - a wand of iceblast (6/15)
 G - a wand of digging (16/24)
Scrolls
 b - 4 scrolls of magic mapping
 e - 5 scrolls of recharging
 l - 11 scrolls of remove curse
 n - a scroll of holy word
 r - 3 scrolls of blinking
 D - a scroll of fog
 F - 2 scrolls of amnesia
 H - 2 scrolls of summoning
 R - 9 scrolls of teleportation
Potions
 a - 2 potions of brilliance
 k - 3 potions of curing
 p - a potion of cancellation
 t - 4 potions of ambrosia
 x - 5 potions of agility
 I - 2 potions of flight
 J - 3 potions of heal wounds
 O - 2 potions of might
 Z - 3 potions of resistance
Books
 j - a manual of Stealth
 C - a manual of Invocations
Miscellaneous
 m - a plain deck of wonders {Focus, drawn: 2}
 o - a fan of gales (inert)
 z - a lamp of fire
 A - a plain deck of defence {the Alchemist}
 K - a phial of floods
 P - 2 phantom mirrors
 Q - a disc of storms
 W - a box of beasts
Comestibles
 f - 20 bread rations
 w - 20 meat rations


   Skills:
 O Level 27(26.6) Fighting
 O Level 27(26.6) Maces & Flails
 - Level 3.0(2.7) Throwing
 - Level 4.6(4.4) Armour
 - Level 13.0(12.7) Dodging
 - Level 16.2(15.9) Shields
 - Level 23.1(22.8) Spellcasting
 - Level 2.5(2.3) Conjurations
 - Level 2.1(1.9) Hexes
 - Level 3.8(3.6) Charms
 - Level 3.9(3.6) Necromancy
 - Level 6.7(6.4) Transmutations
 - Level 20.1(19.8) Earth Magic
 + Level 12.4(12.1) Invocations
 - Level 5.6(5.4) Evocations


You had 19 spell levels left.
You knew the following spells:

 Your Spells              Type           Power        Failure   Level  Hunger
a - Statue Form           Trmt/Erth      ########.    1%          6    None
b - Deflect Missiles      Chrm/Air       #######...   1%          6    None
c - Leda's Liquefaction   Hex/Erth       ########..   0%          4    None
d - Shatter               Erth           ########..   1%          9    None
e - Iron Shot             Conj/Erth      ########..   1%          6    None
f - Blink                 Tloc           N/A          1%          2    None
g - Regeneration          Chrm/Necr      #######...   1%          3    None
h - Spectral Weapon       Hex/Chrm       #######.     1%          3    None
i - Silence               Hex/Air        #######...   1%          5    None
j - Death's Door          Chrm/Necr      #######...   43%         8    None
k - Apportation           Tloc           #######...   1%          1    None


Dungeon Overview and Level Annotations

Branches:
Dungeon (15/15)            Temple (1/1) D:5            Lair (8/8) D:9
 Shoals (4/4) Lair:6       Spider (4/4) Lair:5        Slime (6/6) Lair:6
    Orc (2/2) D:12            Elf (0/3) Orc:2        Vaults (5/5) D:13
  Crypt (3/3) Vaults:2       Tomb (3/3) Crypt:3      Depths (1/5) D:15
   Hell (1/1)                 Dis (7/7) Hell            Coc (7/7) Hell
    Tar (7/7) Hell
    Geh: Hell:1

Altars:
Ashenzari
Cheibriados
Gozag
Kikubaaqudgha
Makhleb
Nemelex Xobeh
Okawaru
Pakellas
Qazlal
Ru
Vehumet
Xom
Yredelemnul
Zin
The Shining One
Beogh
Jiyva

Shops:
D:9 *   D:10 (   D:12 [(   D:14 %   Orc:2 *:}:   Shoals:2 !   Shoals:4 %?
Vaults:1 (?

Portals:
Hell: Depths:1
Trove: Vaults:2 (give wand of hasting (9))

Annotations:
D:7 Yevrel's ghost, novice MiBe
Slime:3 utis's ghost, master OgWz
Vaults:2 CRYPT
Tar:7 Ereshkigal


Innate Abilities, Weirdness & Mutations

You are too large for most types of armour.
You have tough skin (AC +1).
Scrolls take you longer to read.
You are clumsy. (Dex -2)
Your body sometimes deteriorates upon taking damage.


Message History

Unknown command.
Unknown command.
Unknown command.
Unknown command.
Unknown command.
Unknown command.
Unknown command.
You miss Ereshkigal.
Ereshkigal is severely wounded.
You feel sick.
Your air elemental barely misses the doom hound.
The doom hound bites you!
* * * LOW HITPOINT WARNING * * *
You block the doom hound's attack.
Ereshkigal gestures.
Ereshkigal is healed.
Your air elemental hits the doom hound!
The bone dragon bites you!
* * * LOW HITPOINT WARNING * * *
You block the bone dragon's attack. x2; The shadow dragon bites you!
You die...

#..#*,,,,,,,,,,*,*****,*,**
#..##..........#,,,*,*,*,*,
#..#...........#,*,*,*,*,**
#..##..........*,*,,,*,*,,,
#.).#.........,*,*****,***,
#..#...ยง43...,,*,,,,,,,,,,,
#..#*.$422E$,,,************
#..#.###2Wh####.##*********
#.......1&@DW.....,,,,,,,,,
#.......WW1D......,,,,,,,,,
####.#...WW#.##...*********
...#####..# # ## # #


You could see Ereshkigal, a bone dragon, a shadow dragon, a doom hound, an Ice
Fiend, a Shadow Fiend, a reaper, 2 eidola, a blizzard demon, a shadow demon, 2
shadow wraiths, 2 phantasmal warriors, an ice devil, a rust devil, a chaos spawn
and a friendly air elemental.

Vanquished Creatures
  Antaeus (Coc:7)
  the Royal Jelly (Slime:6)
  the Serpent of Hell (Dis:7)
  Dispater (Dis:7)
  4 ancient liches
  A juggernaut (Zig:5)
  11 greater mummies
  11 iron giants
  Boris (Vaults:4)
  2 shard shrikes (Coc:7)
  2 curse toes (Crypt:3)
  Geryon (Hell)
  12 bone dragons
  Arachne (Spider:2)
  4 doom hounds
  19 Ice Fiends
  Rupert (Spider:1)
  The ghost of Snupthedog the Slayer, an adept OgWz of Makhleb (Spider:1)
  A shard shrike skeleton (Crypt:3)
  4 tentacled monstrosities (Vaults:5)
  6 liches
  Asterion (Spider:1)
  8 titans
  11 Hell Sentinels (Dis:7)
  12 Shadow Fiends
  A quicksilver dragon (Abyss:5)
  24 acid blobs
  2 eldritch tentacles
  12 tentacled starspawn
  2 Executioners
  9 ancient champions
  9 shadow dragons
  12 sphinxes
  2 storm dragons
  Ilsuiw (Shoals:3)
  3 tengu reavers
  2 revenants
  Roxanne (Spider:1)
  2 draconian monks (Zig:6)
  6 fire giants
  4 greater nagas (Zig:8)
  2 orc warlords
  6 frost giants
  A ghost moth (Spider:4)
  9 iron dragons (Dis:7)
  21 azure jellies
  10 vault wardens
  A draconian shifter (Zig:6)
  2 balrugs
  2 deep elf sorcerers
  8 emperor scorpions
  4 cacodemons
  12 ironheart preservers
  5 very ugly things
  A draconian annihilator (Zig:6)
  44 reapers
  17 war gargoyles
  An orange crystal statue (WizLab)
  3 salamander stormcallers
  17 stone giants
  2 ghouls (Crypt:3)
  5 vampire knights
  An elemental wellspring (Coc:7)
  A draconian caller (Abyss:3)
  4 bennus
  An ophan (Abyss:5)
  45 large abominations
  Azrael (D:15)
  2 deep elf annihilators (Vaults:5)
  3 lorocyprocas
  2 spark wasps
  4 deep elf demonologists
  A mottled draconian (Zig:6)
  Snorg (Orc:1)
  A red draconian (Zig:6)
  2 eidola
  7 merfolk javelineers
  7 blizzard demons
  4 green deaths
  31 vault guards
  3 deep elf death magi
  11 death oozes
  7 ettins
  5 quicksilver dragon zombies
  A minotaur (Lab)
  3 crystal guardians
  3 fire dragons
  A merfolk impaler (Shoals:4)
  21 mummy priests
  The ghost of Kidiri the Thaumaturge, a journeyman DEFE of Vehumet (Lair:7)
  3 deep elf high priests
  8 great orbs of eyes
  Josephine (Lair:4)
  3 kraken zombies
  4 yaktaur captains
  3 rakshasas
  An entropy weaver (Spider:2)
  2 quicksilver dragon skeletons
  10 ice dragons
  A ghost crab (Tar:7)
  A spectral shadow dragon (Coc:6)
  A naga warrior (Zig:4)
  6 hydras
  6 centaur warriors
  2 merfolk avatars
  12 ogre magi
  5 merfolk aquamancers
  5 death knights
  A spectral frost giant (Coc:7)
  2 anacondas
  2 dancing weapons (Zig:7)
  A deep troll shaman (Vaults:2)
  Erica (D:8)
  8 death yaks (Lair:8)
  4 deep troll earth magi
  2 satyrs
  2 alligator snapping turtles
  5 orc high priests
  2 tengu warriors (D:15)
  3 vampire magi
  27 thrashing horrors
  23 small abominations
  4 hell hogs
  3 titan zombies
  4 storm dragon zombies
  8 soul eaters
  10 deep elf knights
  3 sun demons (Hell)
  85 skeletal warriors
  Nergalle (Orc:1)
  8 iron golems
  5 hell knights
  10 iron trolls (Dis:7)
  2 titan skeletons
  6 spatial maelstroms
  17 wretched stars
  2 golden dragon zombies
  11 shadow wraiths
  26 death scarabs
  3 giant orange brains
  3 anaconda zombies
  88 starcursed masses
  6 sea snakes
  10 unseen horrors
  8 flayed ghosts
  A storm dragon skeleton (Tomb:3)
  3 death drakes
  6 shadow demons
  The ghost of lorenzova the Jinx, a novice SpEn of Dithmenos (D:9)
  13 deep trolls
  A naga ritualist (Zig:8)
  Pikel (D:9)
  2 ghost moth zombies
  10 deep elf archers
  14 ironbrand convokers
  2 anaconda skeletons
  20 anubis guards
  4 wolf spider zombies
  2 hill giants
  2 golden dragon skeletons
  4 shadow dragon zombies
  17 phantasmal warriors
  6 fire giant zombies
  7 harpies
  An orb spider (shapeshifter) (D:12)
  21 wolf spiders
  6 necromancers
  19 orc knights
  2 shining eyes
  14 orb spiders
  A harpy (shapeshifter) (Vaults:3)
  13 griffons
  2 stone giant zombies
  7 fauns
  A griffon (shapeshifter) (Vaults:4)
  8 frost giant zombies
  20 ugly things
  9 manticores
  An iron dragon zombie (Dis:2)
  2 human zombies (Vaults:3)
  2 shadow dragon skeletons
  4 sixfirhies
  6 orc sorcerers
  9 cyclopes
  23 deep elf magi
  4 moths of wrath
  A shining eye (shapeshifter) (Abyss:5)
  A hornet (Spider:1)
  5 salamanders
  4 worldbinders
  3 iron dragon skeletons
  11 black mambas
  3 dire elephant zombies
  2 shock serpent zombies
  5 apocalypse crabs
  34 elephants
  2 stone giant skeletons
  7 sirens
  4 fire giant skeletons
  3 frost giant skeletons
  Psyche (D:8)
  15 smoke demons
  14 vault sentinels
  A storm dragon simulacrum (Coc:5)
  4 guardian serpents
  An orange demon (Abyss:5)
  2 catoblepas zombies
  2 gargoyles
  37 rust devils
  4 water nymphs
  3 kobold demonologists
  4 dire elephant skeletons
  3 naga magi
  6 hellions
  11 spiny frogs
  6 eyes of devastation
  4 centaur skeletons
  21 freezing wraiths
  3 rime drakes
  23 guardian mummies
  5 komodo dragons
  41 yaktaurs
  2 emperor scorpion zombies
  An efreet (Abyss:5)
  19 ice devils
  7 demonic crawlers
  A catoblepas skeleton (Coc:6)
  6 hydra zombies
  19 tormentors
  15 ancient zymes
  5 hellwings
  3 red devils
  A minotaur zombie (Coc:6)
  17 merfolk
  A silent spectre (Abyss:3)
  A troll (shapeshifter) (Vaults:2)
  20 jumping spiders
  3 wind drakes
  A queen bee (Abyss:5)
  10 trolls
  Grinder (D:3)
  A polar bear (Vaults:1)
  16 two-headed ogres
  3 harpy skeletons
  A tengu simulacrum (Vaults:3)
  35 raiju
  3 ice dragon zombies
  8 snapping turtles
  An iron dragon simulacrum (Coc:7)
  2 stone giant simulacra
  13 blink frogs
  An ettin zombie (Coc:7)
  4 fire dragon zombies
  A minotaur skeleton (Crypt:3)
  4 alligator zombies
  4 hydra skeletons
  A snapping turtle (shapeshifter) (Vaults:4)
  A deep troll zombie (D:15)
  3 boulder beetles
  29 ushabtiu
  A black mamba zombie (Tar:4)
  103 slime creatures
  An alligator skeleton (Hell)
  2 bog bodies
  An air elemental (Abyss:5)
  A centaur simulacrum (D:12)
  2 fire giant simulacra
  11 ynoxinuls
  41 redbacks
  2 vampires
  2 fire dragon skeletons (Coc:6)
  47 flying skulls
  15 shadows
  18 wraiths
  4 wyverns
  A yak (shapeshifter) (Vaults:3)
  12 water elementals
  21 tarantellas
  4 ettin skeletons
  34 yaks
  A human (D:7)
  7 hippogriffs
  A steam dragon (D:9)
  12 golden eyes
  3 neqoxecs
  10 vampire mosquitoes
  8 chaos spawn
  7 basilisks
  5 hungry ghosts
  4 fire elementals
  A merfolk zombie (Coc:6)
  3 mottled dragons
  11 wargs
  3 insubstantial wisps
  2 nagas
  2 soldier ants
  33 hell hounds
  19 water moccasins
  A hydra simulacrum (Hell)
  9 porcupines
  6 spiny frog zombies
  58 orc warriors
  A porcupine (shapeshifter) (Abyss:5)
  17 ice beasts
  A swamp dragon zombie (Dis:3)
  2 swamp drakes (Lair:8)
  2 sky beasts
  3 spiny frog skeletons
  A manticore zombie (Dis:7)
  4 wasps
  7 eyes of draining
  4 snapping turtle zombies
  16 necrophages
  17 centaurs
  8 phantoms
  A boggart (D:13)
  2 snapping turtle skeletons
  A manticore skeleton (Coc:5)
  62 ogres
  12 crocodiles
  A crocodile (shapeshifter) (D:14)
  10 big kobolds
  An elf zombie (Dis:7)
  14 giant frogs
  An ogre simulacrum (Vaults:1)
  A deep troll simulacrum (Vaults:3)
  A wyvern zombie (D:14)
  A spiny frog simulacrum (Coc:7)
  A wyvern skeleton (D:13)
  A scorpion (D:12)
  30 killer bees
  32 wights
  An electric eel (Spider:4)
  8 howler monkeys
  5 crimson imps
  25 jellies
  A demonspawn zombie (Crypt:3)
  2 giant frog zombies
  6 hounds
  4 quasits
  25 orc priests
  3 giant frog skeletons
  34 iron imps
  A human skeleton (Coc:6)
  26 orc wizards
  9 iguanas
  4 worker ants
  18 sheep
  A killer bee zombie (D:8)
  2 ogre zombies
  A naga skeleton (Tar:3)
  A hound skeleton (D:4)
  21 mummies
  3 worker ant zombies
  A howler monkey zombie (D:8)
  A gnoll (D:1)
  12 river rats
  12 adders
  A swamp drake skeleton (Crypt:3)
  6 shadow imps
  10 white imps
  An ooze (Abyss:5)
  A worm (D:2)
  2 dart slugs
  4 giant geckos
  117 orcs
  A ball python (D:2)
  6 bats
  2 giant cockroaches
  5 goblins
  3 hobgoblins
  6 jackals
  22 kobolds
  A quokka (D:2)
  A giant newt (D:3)
  A jackal skeleton (D:5)
  A jackal zombie (D:6)
  An orc zombie (Coc:5)
  A quokka zombie (D:5)
  6 rats
  2 plants
  5 starspawn tentacles
  4 tentacles
3109 creatures vanquished.

Vanquished Creatures (collateral kills)
  An acid blob (Slime:5)
  2 great orbs of eyes
  4 golden eyes (Slime:5)
7 creatures vanquished.

Vanquished Creatures (others)
  A lich (Abyss:5)
  3 eldritch tentacles
  A storm dragon (Vaults:4)
  A revenant (Tomb:2)
  A tengu reaver (Vaults:4)
  Donald (Slime:5)
  A reaper (Tar:7)
  2 stone giants (Dis:7)
  A salamander stormcaller (Vaults:2)
  An elemental wellspring (Coc:7)
  A blizzard demon (Coc:7)
  A deep elf high priest (Vaults:5)
  A merfolk aquamancer (Shoals:4)
  A skeletal warrior (Hell)
  An anaconda zombie (Tomb:3)
  11 death scarabs (Tomb:3)
  An orc knight (Vaults:2)
  A wolf spider zombie (Tomb:3)
  2 wolf spiders (Spider:4)
  An ugly thing (Abyss:5)
  A salamander (Vaults:2)
  A yaktaur (Depths:1)
  An ancient zyme (Abyss:5)
  A jumping spider (Spider:4)
  An ushabti (Tomb:3)
  2 redbacks (Spider:4)
  A flying skull (Tomb:2)
  A ynoxinul (Abyss:5)
  A yak (D:12)
  A water moccasin (Lair:3)
  An orc warrior (Vaults:4)
  2 slaves (D:9)
  2 necrophages
  An ogre (Vaults:5)
  A centaur (Vaults:2)
  4 killer bees (Abyss:5)
  3 jellies
  4 mummies
  A shadow imp (Tar:4)
  A white imp (Coc:4)
  251 eldritch tentacle segments
  44 fungi
  2 lost souls
  4 lurking horrors
  26 plants
  12 spectral weapons
  25 starspawn tentacles
  470 starspawn tentacle segments
  19 tentacles
  250 tentacle segments
1168 creatures vanquished.

Grand Total: 4284 creatures vanquished

Notes
Turn   | Place    | Note
--------------------------------------------------------------
     0 | D:1      | 4thArraOfDagon the Ogre Arcane Marksman began the quest for the Orb.
     0 | D:1      | Reached XP level 1. HP: 19/19 MP: 2/2
    35 | D:1      | Reached XP level 2. HP: 27/27 MP: 3/3
   201 | D:1      | Reached skill level 1 in Maces & Flails
   297 | D:3      | Reached XP level 3. HP: 29/33 MP: 4/4
   370 | D:3      | Found a faded altar to an unknown god.
   446 | D:4      | Reached XP level 4. HP: 14/41 MP: 5/5
   460 | D:4      | jacquesderrida: ayyyyyyyyyyyyyyyyyyyyyyyyyyyyyyyyyyyyyyyyy
   468 | D:4      | 4thArraOfDagon: this is
   468 | D:4      | 4thArraOfDagon: Ciwol
   468 | D:4      | 4thArraOfDagon: according to https://crawl.develz.org/tavern/viewtopic.php?f=17&t=3234&start=200
   468 | D:4      | jacquesderrida: thanks
   598 | D:5      | Entered Level 5 of the Dungeon
   618 | D:5      | Reached skill level 5 in Maces & Flails
   620 | D:5      | Reached XP level 5. HP: 37/48 MP: 6/6
   635 | D:5      | Noticed an ogre
   635 | D:5      | Noticed a phantom
   665 | D:5      | Killed a phantom
   726 | D:5      | Reached XP level 6. HP: 42/55 MP: 7/7
   748 | D:5      | Found a staircase to the Ecumenical Temple.
   765 | Temple   | Entered the Ecumenical Temple
   880 | D:6      | Noticed an orc warrior
   881 | D:6      | Identified a scroll of acquirement
   885 | D:5      | jacquesderrida: dane
   887 | D:5      | 4thArraOfDagon: i have to ask for permission
   887 | D:5      | 4thArraOfDagon: or actually wait
   887 | D:5      | jacquesderrida: wat
   887 | D:5      | 4thArraOfDagon: i can go godless and take kiku at the end
   887 | D:5      | jacquesderrida: what's the point of this shit then
   887 | D:5      | jacquesderrida: If you are looking to trick it and work around it...
   887 | D:5      | jacquesderrida: Might as well log in to tavern, tell the dood to fuck off and yolo party ogar 2016
   887 | D:5      | 4thArraOfDagon: lets play 0.17 mean time
   887 | D:5      | FAKE
   926 | Temple   | Became a worshipper of Cheibriados the Contemplative
  1406 | D:3      | jacquesderrida: hi
  1415 | D:3      | Reached skill level 1 in Invocations
  1452 | D:3      | Reached * piety under Cheibriados
  1613 | D:3      | Noticed Grinder
  1619 | D:3      | Killed Grinder
  1619 | D:3      | Reached skill level 1 in Armour
  1619 | D:3      | Reached XP level 7. HP: 55/65 MP: 8/8
  1856 | D:5      | Found an ancient bone altar of Kikubaaqudgha.
  1910 | D:5      | Got a warped robe
  1923 | D:5      | Got an ancient bronze amulet
  1924 | D:5      | Identified the amulet of Yqurazxu {RegenMP *Drain *Confuse rElec rF+++} (You found it on level 5 of the Dungeon)
  1939 | D:5      | jacquesderrida: lal
  1940 | D:5      | 4thArraOfDagon: time to chain-confuse to death
  1988 | D:5      | Found an iron altar of Okawaru.
  1993 | D:5      | Reached XP level 8. HP: 73/75 MP: 10/10
  2039 | D:6      | Found a stormy altar of Qazlal.
  2190 | D:6      | Identified the +3 robe of Surprise {Int+6 Dex+2} (You found it on level 5 of the Dungeon)
  2309 | D:6      | Learned a level 2 spell: Slow
  2314 | D:6      | Learned a level 4 spell: Leda's Liquefaction
  2366 | D:6      | You fall through a shaft for 2 floors!
  2374 | D:8      | Reached ** piety under Cheibriados
  2404 | D:8      | Reached skill level 5 in Invocations
  2434 | D:8      | Reached XP level 9. HP: 85/85 MP: 13/13
  2453 | D:8      | Reached skill level 5 in Fighting
  2494 | D:7      | Reached skill level 10 in Maces & Flails
  2520 | D:7      | Noticed Yevrel's ghost (novice MiBe)
  2574 | D:8      | Noticed Psyche
  2590 | D:8      | Killed Psyche
  2676 | D:9      | Noticed lorenzova's ghost (novice SpEn)
  2729 | D:9      | Noticed an angel
  2733 | D:9      | Found a shimmering altar of Xom.
  2764 | D:9      | Killed lorenzova's ghost
  2764 | D:9      | Reached XP level 10. HP: 92/98 MP: 15/15
  2790 | D:9      | Reached *** piety under Cheibriados
  3004 | D:8      | Reached skill level 5 in Dodging
  3052 | D:8      | Noticed Erica
  3057 | D:8      | Killed Erica
  3147 | D:8      | Gained mutation: Your magical capacity is low (-10% MP). [potion of mutation]
  3147 | D:8      | Gained mutation: You tend to lose your temper in combat. [potion of mutation]
  3147 | D:8      | Gained mutation: Your mind is acute. (Int +2) [potion of mutation]
  3155 | D:9      | Found a glowing silver altar of Zin.
  3279 | D:9      | Found a sacrificial altar of Ru.
  3283 | D:9      | Reached **** piety under Cheibriados
  3316 | D:9      | Found a staircase to the Lair.
  3345 | D:9      | Found an opulent altar of Gozag.
  3349 | D:9      | Found Gozag's Platinum Reserve.
  3386 | D:9      | Noticed Pikel
  3404 | D:9      | Killed Pikel
  3422 | D:10     | Entered Level 10 of the Dungeon
  3640 | D:10     | Reached XP level 11. HP: 105/109 MP: 16/16
  3660 | D:10     | Found Uhis Qol's Antique Weapon Shop.
  3700 | D:10     | Reached skill level 1 in Shields
  3772 | D:10     | Noticed a manticore
  3788 | D:10     | Killed a manticore
  3830 | D:10     | Reached skill level 1 in Evocations
  3831 | D:10     | Noticed a cyclops
  3847 | D:10     | Killed a cyclops
  3987 | D:13     | Reached ***** piety under Cheibriados
  4011 | D:13     | Noticed a centaur warrior
  4012 | D:13     | jacquesderrida: heh
  4015 | D:13     | Noticed a manticore
  4016 | D:13     | jacquesderrida: ken taro
  4020 | D:13     | Killed a centaur warrior
  4028 | D:13     | Killed a manticore
  4144 | D:13     | Found an opulent altar of Gozag.
  4166 | D:13     | Found a labyrinth entrance.
  4176 | Lab      | Entered a labyrinth
  4254 | Lab      | 4thArraOfDagon: kentaro hep me
  4327 | Lab      | jacquesderrida: demng memeng
  4378 | Lab      | Noticed a minotaur
  4384 | Lab      | Killed a minotaur
  4384 | Lab      | Reached skill level 10 in Invocations
  4386 | Lab      | Got a bound bone ring
  4403 | Lab      | Learned a level 6 spell: Statue Form
  4403 | Lab      | 4thArraOfDagon: gut?
  4403 | Lab      | Identified the ring "Nomiah" {Wiz Int+9} (You took it off a minotaur in a labyrinth)
  4404 | Lab      | 4thArraOfDagon: gut ring?
  4404 | Lab      | 4thArraOfDagon: not enough int, only 46:(
  4405 | Lab      | jacquesderrida: dane
  4415 | Lab      | 4thArraOfDagon: not
  4415 | Lab      | 4thArraOfDagon: e
  4415 | Lab      | 4thArraOfDagon: nou
  4415 | Lab      | 4thArraOfDagon: ugh
  4419 | Lab      | jacquesderrida: ee naff
  4537 | D:11     | jacquesderrida: WEPING
  4548 | D:11     | jacquesderrida: MEN...............
  4566 | D:11     | jacquesderrida: YOU DONE MEMED UP
  4686 | D:11     | Noticed a cyclops
  4700 | D:11     | Killed a cyclops
  4700 | D:11     | Reached skill level 1 in Transmutations
  4829 | D:11     | Noticed an unseen horror
  4839 | D:11     | Killed an unseen horror
  4839 | D:11     | Reached skill level 1 in Earth Magic
  4842 | D:11     | Noticed an unseen horror
  4854 | D:11     | Killed an unseen horror
  4854 | D:11     | Reached XP level 12. HP: 118/120 MP: 17/17
  4935 | D:12     | jacquesderrida: time to meme, mane
  4958 | D:12     | jacquesderrida: It's meme or be memed
  4997 | D:12     | Noticed a six-headed hydra
  5004 | D:12     | Killed a six-headed hydra
  5025 | D:12     | Noticed a seven-headed hydra
  5087 | D:12     | 4thArraOfDagon: i guess
  5087 | D:12     | 4thArraOfDagon: its about time :S
  5093 | D:12     | Killed a seven-headed hydra
  5093 | D:12     | Reached skill level 5 in Shields
  5243 | D:12     | Found Ethijar's Armour Shoppe.
  5243 | D:12     | Found a staircase to the Orcish Mines.
  5243 | D:12     | Found Fileucs's Weapon Shoppe.
  5262 | D:12     | jacquesderrida: DANE!!!
  5287 | D:12     | Reached ****** piety under Cheibriados
  5290 | D:12     | Found an oddly glowing altar of Pakellas.
  5318 | D:12     | Turgon: Oops! The 0.14 deep dwarf is gone.
  5331 | D:12     | jacquesderrida: well memed
  5400 | D:12     | Noticed a sphinx
  5403 | D:12     | Noticed a centaur warrior
  5404 | D:12     | Noticed a six-headed hydra
  5406 | D:12     | Noticed a centaur warrior
  5407 | D:12     | Killed a sphinx
  5407 | D:12     | Killed a centaur warrior
  5407 | D:12     | Reached skill level 5 in Spellcasting
  5411 | D:12     | Noticed a war gargoyle
  5412 | D:12     | Killed a six-headed hydra
  5412 | D:12     | Reached XP level 13. HP: 31/127 MP: 9/18
  5414 | D:12     | jacquesderrida: deng
  5416 | D:12     | Killed a war gargoyle
  5416 | D:12     | Reached skill level 5 in Transmutations
  5477 | D:12     | Noticed an ettin
  5638 | D:12     | Killed an ettin
  5643 | D:12     | Reached skill level 5 in Earth Magic
  5910 | Orc:1    | Entered Level 1 of the Orcish Mines
  5953 | Orc:1    | Found a frozen archway.
  6001 | IceCv    | Entered an ice cave
  6071 | Orc:1    | Found a radiant altar of Vehumet.
  6109 | Orc:1    | Noticed Nergalle
  6141 | Orc:1    | Killed Nergalle
  6193 | Orc:1    | Noticed Snorg
  6202 | Orc:1    | Killed Snorg
  6213 | Orc:1    | Found a radiant altar of Vehumet.
  6299 | Orc:1    | Noticed an ettin
  6307 | Orc:1    | Killed an ettin
  6337 | Orc:2    | Entered Level 2 of the Orcish Mines
  6683 | Orc:2    | Found a staircase to the Elven Halls.
  6847 | Orc:2    | Reached XP level 14. HP: 108/136 MP: 21/21
  6854 | Orc:2    | Found a roughly hewn altar of Beogh.
  6967 | Orc:2    | Found Gafely's Book Boutique.
  6974 | Orc:2    | Learned a level 2 spell: Repel Missiles
  6981 | Orc:2    | Learned a level 6 spell: Iron Shot
  6984 | Orc:2    | Learned a level 2 spell: Blink
  6991 | Orc:2    | Found Nyh Hov's Gadget Shop.
  7321 | Orc:2    | Noticed an orc warlord
  7334 | Orc:2    | Killed an orc warlord
  7357 | Orc:2    | Found a roughly hewn altar of Beogh.
  7401 | Orc:2    | Found Qoth's Assorted Antiques.
  7409 | Orc:2    | Bought a scroll of teleportation for 72 gold pieces
  7409 | Orc:2    | Bought a scroll of teleportation for 72 gold pieces
  7541 | Orc:2    | Found Aserr's Book Boutique.
  7561 | Orc:2    | Bought a book of Battle for 680 gold pieces
  7565 | Orc:2    | Learned a level 3 spell: Regeneration
  7565 | Orc:2    | jacquesderrida: mason
  7581 | Orc:2    | Learned a level 3 spell: Spectral Weapon
  7596 | Orc:2    | 4thArraOfDagon: 666
  7886 | Lair:1   | Entered Level 1 of the Lair of Beasts
  7956 | Lair:1   | jacquesderrida: u deman
  7978 | Lair:1   | jacquesderrida: got memed hard
  8070 | Lair:4   | Noticed Josephine
  8081 | Lair:4   | Killed Josephine
  8471 | Lair:6   | Reached skill level 10 in Shields
  8560 | Lair:6   | Found a runed door.
  8568 | Lair:6   | Found a viscous altar of Jiyva.
  8572 | Lair:6   | Noticed an acid blob
  8573 | Lair:6   | Noticed an acid blob
  8686 | Lair:6   | jacquesderrida: FAKKKKKKKKKKKKKK
  8727 | Lair:7   | jacquesderrida: EL EPHANT GRAVE YARD
  8733 | Lair:7   | Reached XP level 15. HP: 143/143 MP: 24/24
  8743 | Lair:7   | Reached skill level 1 in Charms
  8756 | Lair:7   | Reached skill level 1 in Necromancy
  8861 | Lair:7   | Got a polished hat
  8862 | Lair:7   | 4thArraOfDagon: destroyah
  8872 | Lair:7   | Identified the +1 hat "Kasiojul" {rF+ SInv} (You found it on level 7 of the Lair of Beasts)
  8872 | Lair:7   | yah
  8913 | Lair:7   | Noticed Kidiri's ghost (journeyman DEFE)
  8928 | Lair:7   | Killed Kidiri's ghost
  9147 | Lair:8   | Entered Level 8 of the Lair of Beasts
  9252 | Lair:8   | Got a heavily runed golden ring
  9254 | Lair:8   | Identified the ring "Huohan" {Fire +Blink Str-5 Int+3} (You found it on level 8 of the Lair of Beasts)
  9655 | Lair:8   | jacquesderrida: thank
  9661 | Lair:8   | Reached skill level 1 in Conjurations
 10000 | Lair:5   | Found a hole to the Spider Nest.
 10042 | Spider:1 | Entered Level 1 of the Spider Nest
 10042 | Spider:1 | Noticed Roxanne
 10383 | Spider:1 | jacquesderrida: dabe
 10432 | Spider:1 | Noticed Rupert
 10437 | Spider:1 | jacquesderrida: daaaaaaaaaaaaaaaaane
 10442 | Spider:1 | Noticed Snupthedog's ghost (adept OgWz)
 10445 | Spider:1 | Killed Rupert
 10453 | Spider:1 | Killed Snupthedog's ghost
 10453 | Spider:1 | Reached XP level 16. HP: 156/156 MP: 3/25
 10509 | Spider:1 | Killed Roxanne
 10513 | Spider:1 | Gained mutation: Your spells are a little easier to cast, but a little less powerful. [potion of mutation]
 10513 | Spider:1 | Gained mutation: Scrolls take you a little longer to read. [potion of mutation]
 10523 | Spider:1 | Identified Roxanne's Catalogue of Mutagenic Earth (You took it off Roxanne on level 1 of the Spider Nest)
 10574 | Lair:4   | 4thArraOfDagon: cant stand
 10574 | Lair:4   | 4thArraOfDagon: open space
 10949 | Spider:2 | Noticed Arachne
 10982 | Spider:2 | Killed Arachne
 11108 | Spider:2 | Reached skill level 10 in Fighting
 11164 | Spider:1 | Noticed Asterion
 11172 | Spider:1 | Killed Asterion
 11203 | Spider:2 | Reached skill level 15 in Maces & Flails
 11451 | Spider:4 | Entered Level 4 of the Spider Nest
 11763 | Spider:4 | Reached XP level 17. HP: 170/170 MP: 19/26
 12121 | Spider:4 | Got a gossamer rune of Zot
 12349 | Lair:6   | Found a staircase to the Shoals.
 12393 | Shoals:1 | Entered Level 1 of the Shoals
 12679 | Shoals:2 | Found Xeaxtiy's Distillery.
 12693 | Shoals:2 | Bought a potion of curing for 54 gold pieces
 12693 | Shoals:2 | Bought a potion of heal wounds for 90 gold pieces
 12693 | Shoals:2 | Bought 2 potions of might for 144 gold pieces
 12693 | Shoals:2 | Bought a potion of heal wounds for 90 gold pieces
 12693 | Shoals:2 | Bought a potion of agility for 72 gold pieces
 12693 | Shoals:2 | Bought a potion of curing for 54 gold pieces
 13098 | Shoals:4 | Entered Level 4 of the Shoals
 13098 | Shoals:4 | Found Wedysei's Magic Scroll Shop.
 13126 | Shoals:4 | Noticed Ilsuiw
 13231 | Shoals:4 | Found Ynerch's Food Boutique.
 13289 | Shoals:4 | Got a barnacled rune of Zot
 13331 | Shoals:4 | Reached skill level 10 in Dodging
 13341 | Shoals:4 | Got a fine golden ring
 13344 | Shoals:4 | Identified the ring "Wuraff" {rCorr rF+ Int+2} (You found it on level 4 of the Shoals)
 13392 | Shoals:4 | Identified a +3 rod of inaccuracy (9/9) (You found it on level 4 of the Shoals)
 13514 | Shoals:3 | Killed Ilsuiw
 13514 | Shoals:3 | Reached XP level 18. HP: 187/187 MP: 23/27
 13535 | Shoals:4 | Bought a scroll of enchant armour for 112 gold pieces
 13535 | Shoals:4 | Bought a scroll of enchant weapon for 112 gold pieces
 13535 | Shoals:4 | Bought a scroll of teleportation for 45 gold pieces
 13535 | Shoals:4 | Bought a scroll of enchant weapon for 112 gold pieces
 13535 | Shoals:4 | Bought a scroll of enchant weapon for 112 gold pieces
 13865 | Lair:6   | Found a staircase to the Slime Pits.
 13885 | Slime:1  | Entered Level 1 of the Pits of Slime
 14221 | Slime:3  | jacquesderrida: hi
 14268 | Slime:2  | 4thArraOfDagon: hi
 14281 | Slime:3  | Noticed utis's ghost (master OgWz)
 14422 | Slime:5  | Killed Donald
 14465 | Slime:5  | 4thArraOfDagon: chain confused
 14468 | Slime:5  | jacquesderrida: heh
 14475 | Slime:5  | comborobin: cure+slouch?
 14480 | Slime:5  | jacquesderrida: NO!!
 14484 | Slime:5  | 4thArraOfDagon: its cool
 14484 | Slime:5  | 4thArraOfDagon: i was quafing cure all the time
 14484 | Slime:5  | comborobin: :(
 14484 | Slime:5  | 4thArraOfDagon: confused after each turn
 14484 | Slime:5  | 4thArraOfDagon: so
 14484 | Slime:5  | 4thArraOfDagon: yeah
 14484 | Slime:5  | 4thArraOfDagon: im bad at finding mr loot :(
 14488 | Slime:5  | Lost mutation: Your mind is acute. (Int +2) [potion of cure mutation]
 14488 | Slime:5  | Lost mutation: Scrolls take you a little longer to read. [potion of cure mutation]
 14488 | Slime:5  | Lost mutation: Your magical capacity is low (-10% MP). [potion of cure mutation]
 14488 | Slime:5  | Lost mutation: You tend to lose your temper in combat. [potion of cure mutation]
 14488 | Slime:5  | Lost mutation: Your spells are a little easier to cast, but a little less powerful. [potion of cure mutation]
 14587 | Slime:6  | Entered Level 6 of the Pits of Slime
 14707 | Slime:5  | comborobin: I missed that miracle...
 14714 | Slime:5  | comborobin: how did you survive?
 14731 | Slime:5  | comborobin: lucky hit?
 14747 | Slime:5  | jacquesderrida: fucking ghell meng
 14778 | Slime:6  | Yermak: Wtf was Donald doing here?
 14783 | Slime:6  | jacquesderrida: donal has finally done it
 14783 | Slime:6  | Vidiiot: Lol donald
 14783 | Slime:6  | jacquesderrida: He found his own sun
 14783 | Slime:6  | jacquesderrida: vader...
 14783 | Slime:6  | jacquesderrida: Lurking in darkness...
 14783 | Slime:6  | 4thArraOfDagon: https://www.youtube.com/watch?v=X-H3LS2m3b0
 14784 | Slime:6  | jacquesderrida: The man of the shaded corners...
 14806 | Slime:6  | jacquesderrida: no ty
 14829 | Slime:6  | Gained mutation: You are clumsy. (Dex -2) [a shining eye]
 14830 | Slime:6  | Gained mutation: Your body sometimes deteriorates upon taking damage. [a shining eye]
 14833 | Slime:6  | Gained mutation: Scrolls take you a little longer to read. [a shining eye]
 14892 | Slime:6  | jacquesderrida: https://en.wikipedia.org/wiki/The_Foundation_Pit
 14956 | Slime:6  | Noticed the Royal Jelly
 14969 | Slime:6  | Reached XP level 19. HP: 198/198 MP: 30/32
 14998 | Slime:6  | 4thArraOfDagon: this is gory
 15011 | Slime:6  | Reached skill level 5 in Evocations
 15365 | Slime:6  | Killed the Royal Jelly
 15365 | Slime:6  | Reached skill level 15 in Fighting
 15391 | Slime:6  | jacquesderrida: dane mane
 15395 | Slime:6  | 4thArraOfDagon: :
 15395 | Slime:6  | 4thArraOfDagon: )
 15403 | Slime:6  | Got a slimy rune of Zot
 15404 | Slime:6  | jacquesderrida: ;^)
 15406 | Slime:6  | jacquesderrida: plass seven
 15437 | Slime:6  | Yermak: shift-letter: unselects all skills except the chosen
 15494 | Slime:6  | jacquesderrida: Nah...
 15542 | Slime:6  | Got a bloodstained cloak
 15545 | Slime:6  | Identified the +2 cloak of the Townfolk {rPois rC+} (You found it on level 6 of the Pits of Slime)
 15555 | Slime:6  | jacquesderrida: deng
 15775 | Lair:6   | 4thArraOfDagon: its confusing
 15801 | Lair:6   | 4thArraOfDagon: i can give orders while confused
 16206 | D:14     | jacquesderrida: HEH!
 16223 | D:14     | Learned a level 5 spell: Silence
 16251 | D:14     | Learned a level 6 spell: Deflect Missiles
 16302 | D:15     | Entered Level 15 of the Dungeon
 16411 | D:14     | Found Gitediy's Food Shop.
 16591 | D:13     | Lost mutation: Scrolls take you a little longer to read. [potion of mutation]
 16591 | D:13     | Gained mutation: You expend magic power (3 MP) to strengthen your wands. [potion of mutation]
 16591 | D:13     | Gained mutation: You possess an exceptional clarity of mind. [potion of mutation]
 16603 | D:13     | Found a gate to the Vaults.
 16614 | Vaults:1 | Entered Level 1 of the Vaults
 16738 | Vaults:1 | Found Ysoon's Antique Weapon Shop.
 16829 | Vaults:1 | Found Uhaogoniq's Magic Scroll Shop.
 16832 | Vaults:1 | Bought a scroll of magic mapping for 66 gold pieces
 16832 | Vaults:1 | Bought a scroll of teleportation for 57 gold pieces
 16832 | Vaults:1 | Bought a scroll of recharging for 180 gold pieces
 17280 | Vaults:1 | Reached XP level 20. HP: 209/209 MP: 33/33
 17477 | Vaults:2 | Found a portal to a secret trove of treasure.
 18197 | Vaults:3 | You fall through a shaft!
 18199 | Vaults:4 | Noticed Boris
 18201 | Vaults:4 | jacquesderrida: HI!!!!!!!!!!!
 18203 | Vaults:4 | Killed Boris
 18203 | Vaults:4 | Reached skill level 27 in Maces & Flails
 18203 | Vaults:4 | 4thArraOfDagon: 1-hit him
 18203 | Vaults:4 | jacquesderrida: I mean deeeeeeeeeeng
 18247 | Vaults:4 | Reached XP level 21. HP: 218/218 MP: 32/34
 18347 | Vaults:4 | Reached skill level 10 in Spellcasting
 18462 | Vaults:5 | Entered Level 5 of the Vaults
 18691 | Vaults:4 | Learned a level 9 spell: Shatter
 18800 | Vaults:5 | Noticed an ancient lich
 18899 | Vaults:4 | Reached XP level 22. HP: 236/236 MP: 38/38
 18924 | Vaults:5 | comborobin: such a klever oger
 18943 | Vaults:4 | Paralysed by a sphinx for 5 turns
 19287 | Vaults:4 | Killed an ancient lich
 19367 | Vaults:5 | Cast into level 2 of the Abyss (a deep elf sorcerer)
 19391 | Vaults:5 | Escaped the Abyss
 19503 | Vaults:5 | Got a coiled lead ring
 19504 | Vaults:5 | Identified the ring "Icouxiss" {rC+ SInv} (You found it on level 5 of the Vaults)
 19523 | Vaults:5 | Got a silver rune of Zot
 19525 | Vaults:5 | Got a faintly glowing iron amulet
 19526 | Vaults:5 | Identified the amulet of the Komtur {RegenMP Fragile rElec Int+8 Stlth+} (You found it on level 5 of the Vaults)
 19550 | Vaults:5 | Got a scorched platinum amulet
 19551 | Vaults:5 | Identified the amulet of Temperance {Reflect rElec rC+ Str+8 SH+3 Stlth-} (You found it on level 5 of the Vaults)
 20036 | Vaults:2 | Found a staircase to the Crypt.
 20036 | Vaults:2 | Found a basalt altar of Yredelemnul.
 20037 | Vaults:2 | Found an ancient bone altar of Kikubaaqudgha.
 20043 | Crypt:1  | Entered Level 1 of the Crypt
 20095 | Crypt:2  | jacquesderrida: ar kane
 20116 | Crypt:2  | jacquesderrida: arkane cracker
 20123 | Crypt:2  | Found a magical portal.
 20128 | WizLab   | Entered Wucad Mu's Monastery
 20141 | WizLab   | jacquesderrida: lal
 20145 | WizLab   | jacquesderrida: wu cader
 20324 | WizLab   | jacquesderrida: dennnnnnnn
 20325 | WizLab   | Reached XP level 23. HP: 166/253 MP: 39/41
 20339 | WizLab   | Gained mutation: Your spells are a little harder to cast, but a little more powerful. [potion of beneficial mutation]
 20473 | Crypt:3  | Entered Level 3 of the Crypt
 20511 | Crypt:3  | Noticed a curse toe
 20512 | Crypt:3  | Noticed a curse toe
 20523 | Crypt:3  | Killed a curse toe
 20523 | Crypt:3  | Reached XP level 24. HP: 134/264 MP: 27/41
 20524 | Crypt:3  | Killed a curse toe
 20618 | Crypt:3  | Noticed an ancient lich
 20629 | Crypt:3  | Killed an ancient lich
 20633 | Crypt:3  | Noticed an ancient lich
 20637 | Crypt:3  | Killed an ancient lich
 20647 | Crypt:3  | Got a crude lead ring
 20647 | Crypt:3  | Got a vibrating wooden ring
 20648 | Crypt:3  | 4thArraOfDagon: dem rings
 20682 | Crypt:3  | Got a wavering platinum ring
 20687 | Crypt:3  | Identified the ring "Nanyg Huffuxt" {rPois rF+++ rN+ Str+2 Dex-2} (You found it on level 3 of the Crypt)
 20692 | Crypt:3  | Identified the ring "Duvun" {rC+++ rN+ Str-5 SInv} (You found it on level 3 of the Crypt)
 20693 | Crypt:3  | jacquesderrida: SHIET MANE
 20695 | Crypt:3  | Identified the ring of Lugonu's Regard {rN+ Str+7} (You found it on level 3 of the Crypt)
 20731 | Crypt:3  | Found a staircase to the Tomb.
 20744 | Tomb:1   | Entered Level 1 of the Tomb of the Ancients
 20818 | Tomb:1   | Paralysed by a sphinx for 2 turns
 20914 | Tomb:1   | Noticed an ancient lich
 20930 | Tomb:1   | Killed an ancient lich
 20970 | Tomb:1   | Reached skill level 15 in Spellcasting
 21056 | Tomb:1   | Noticed a greater mummy
 21058 | Tomb:1   | Killed a greater mummy
 21172 | Tomb:1   | jacquesderrida: 2 anons
 21177 | Tomb:1   | jacquesderrida: lal
 21193 | Tomb:2   | jacquesderrida: Vider phased out back into shadow realm
 21194 | Tomb:2   | Reached skill level 15 in Shields
 21195 | Tomb:2   | Noticed a greater mummy
 21195 | Tomb:2   | Noticed a greater mummy
 21195 | Tomb:2   | Noticed a greater mummy
 21196 | Tomb:2   | Noticed a greater mummy
 21214 | Tomb:2   | Killed a greater mummy
 21217 | Tomb:2   | Reached XP level 25. HP: 279/279 MP: 38/42
 21236 | Tomb:2   | chequers: happy now
 21254 | Tomb:2   | jacquesderrida: who u...
 21269 | Tomb:2   | jacquesderrida: i ain't no kno u.............
 21301 | Tomb:2   | chequers: cpo admin
 21317 | Tomb:3   | Entered Level 3 of the Tomb of the Ancients
 21318 | Tomb:3   | jacquesderrida: cp pm pls
 21331 | Tomb:2   | jacquesderrida: pls cp
 21337 | Tomb:2   | jacquesderrida: thank
 21348 | Tomb:3   | Noticed a greater mummy
 21349 | Tomb:3   | Noticed a greater mummy
 21349 | Tomb:3   | Noticed a greater mummy
 21352 | Tomb:3   | comborobin: tank?
 21378 | Tomb:2   | jacquesderrida: r u hi
 21409 | Tomb:2   | Killed a greater mummy
 21411 | Tomb:2   | Killed a greater mummy
 21417 | Tomb:2   | comborobin: ruhi, ruhi
 21421 | Tomb:2   | Killed a greater mummy
 21442 | Tomb:3   | Noticed a greater mummy
 21446 | Tomb:3   | Noticed a greater mummy
 21450 | Tomb:3   | comborobin: u
 21453 | Tomb:3   | comborobin: h
 21453 | Tomb:3   | comborobin: i
 21453 | Tomb:3   | comborobin: ,
 21455 | Tomb:2   | comborobin: r
 21456 | Tomb:2   | comborobin: u
 21461 | Tomb:2   | comborobin: h
 21463 | Tomb:2   | comborobin: i
 21479 | Tomb:3   | comborobin:
 21485 | Tomb:3   | jacquesderrida: get help
 21489 | Tomb:3   | Killed a greater mummy
 21492 | Tomb:3   | Killed a greater mummy
 21494 | Tomb:3   | 4thArraOfDagon: 1-thiting
 21494 | Tomb:3   | 4thArraOfDagon: thignit
 21513 | Tomb:3   | 4thArraOfDagon: thing
 21516 | Tomb:3   | 4thArraOfDagon: hitting*
 21518 | Tomb:3   | 4thArraOfDagon: christ...
 21533 | Tomb:3   | comborobin: savior
 21549 | Tomb:3   | Noticed a greater mummy
 21555 | Tomb:3   | Killed a greater mummy
 21559 | Tomb:3   | Noticed a greater mummy
 21562 | Tomb:3   | Killed a greater mummy
 21566 | Tomb:3   | Noticed a greater mummy
 21569 | Tomb:3   | Noticed a greater mummy
 21575 | Tomb:3   | Killed a greater mummy
 21580 | Tomb:3   | Killed a greater mummy
 21606 | Tomb:3   | jacquesderrida: saviour*
 21619 | Tomb:3   | Learned a level 8 spell: Death's Door
 21620 | Tomb:3   | Got a shimmering steel ring
 21622 | Tomb:3   | Identified the ring of Vanity {+Fly rElec Int+2} (You found it on level 3 of the Tomb of the Ancients)
 21681 | Tomb:3   | comborobin: gospodu pomolimsja
 21683 | Tomb:3   | Got a golden rune of Zot
 21765 | Tomb:3   | Identified Fethrice's Grimoire of the Traveller and Venom (You found it on level 3 of the Tomb of the Ancients)
 21766 | Tomb:3   | jacquesderrida: great
 21768 | Tomb:3   | Learned a level 1 spell: Apportation
 21768 | Tomb:3   | yuppii
 21768 | Tomb:3   | comborobin: ruhi-ruhi
 21768 | Tomb:3   | jacquesderrida: another goddamn slovinski
 21769 | Tomb:3   | 4thArraOfDagon: yupi
 21788 | Tomb:3   | jacquesderrida: i wish plague on slovinski...
 21807 | Tomb:3   | comborobin: bohnakazhet
 21807 | Tomb:3   | 4thArraOfDagon: slovue of plaginski?
 21900 | Tomb:1   | jacquesderrida: i wil kyl u conber...
 21913 | Tomb:1   | jacquesderrida: des troy your village
 21960 | Crypt:3  | jacquesderrida: steal goat from boris
 21963 | Crypt:3  | 4thArraOfDagon: oke
 21965 | Crypt:3  | jacquesderrida: boris lose streng
 21971 | Crypt:3  | 4thArraOfDagon: we well ci
 22202 | D:15     | Found a staircase to the Depths.
 22227 | D:15     | Noticed Azrael
 22230 | D:15     | Killed Azrael
 22246 | Depths:1 | Entered Level 1 of the Depths
 22247 | Depths:1 | comborobin: govori svoi koordinaty pustogovoritel biaka
 22350 | Depths:1 | Found a gateway to Hell.
 22356 | Hell     | Entered the Vestibule of Hell
 22356 | Hell     | Noticed Geryon
 22392 | Hell     | Reached XP level 26. HP: 298/298 MP: 43/43
 22409 | Hell     | Reached skill level 10 in Earth Magic
 22425 | Hell     | comborobin: zabojalsja biaka
 22433 | Hell     | jacquesderrida: shat ap !
 22465 | Hell     | Killed Geryon
 22478 | Hell     | jacquesderrida: Speak human1
 22496 | Hell     | jacquesderrida: Da!
 22498 | Hell     | Found a gateway to the Iron City of Dis.
 22503 | Dis:1    | Entered Level 1 of the Iron City of Dis
 22503 | Dis:1    | Found a gateway to Hell.
 22693 | Dis:2    | Found a gateway to Hell.
 22801 | Dis:2    | Found a gateway to Hell.
 22818 | Dis:3    | Found a gateway to Hell.
 22818 | Dis:3    | Found a gateway to Hell.
 22857 | Dis:3    | Found a gateway to Hell.
 22910 | Dis:3    | Noticed an iron giant
 22912 | Dis:3    | comborobin: zhak bojaka
 22924 | Dis:3    | Killed an iron giant
 22932 | Dis:3    | 4thArraOfDagon: not enough
 22977 | Dis:4    | Found a gateway to Hell.
 22999 | Dis:4    | You fall through a shaft!
 23020 | Dis:5    | 4thArraOfDagon: is jacque's realm shatterizable?
 23021 | Dis:6    | Found a gateway to Hell.
 23104 | Dis:7    | Entered Level 7 of the Iron City of Dis
 23104 | Dis:7    | Found a gateway to Hell.
 23112 | Dis:7    | Found a gateway to Hell.
 23125 | Dis:7    | Noticed an iron giant
 23128 | Dis:7    | Noticed an iron giant
 23132 | Dis:7    | comborobin: zhaklend is made of memes and words
 23133 | Dis:7    | jacquesderrida: hi
 23135 | Dis:7    | Killed an iron giant
 23144 | Dis:7    | Killed an iron giant
 23243 | Dis:7    | Noticed an iron giant
 23248 | Dis:7    | Killed an iron giant
 23252 | Dis:7    | comborobin: no shatter there though discord would work just fine
 23281 | Dis:7    | Reached XP level 27. HP: 313/313 MP: 44/44
 23289 | Dis:7    | Noticed an iron giant
 23294 | Dis:7    | Killed an iron giant
 23352 | Dis:7    | Noticed an iron giant
 23360 | Dis:7    | Killed an iron giant
 23442 | Dis:7    | Noticed an iron giant
 23462 | Dis:7    | Noticed an iron giant
 23463 | Dis:7    | Killed an iron giant
 23475 | Dis:7    | Noticed the Serpent of Hell
 23483 | Dis:7    | Noticed an iron giant
 23485 | Dis:7    | Killed an iron giant
 23486 | Dis:7    | Killed an iron giant
 23490 | Dis:7    | Killed the Serpent of Hell
 23528 | Dis:7    | Gained mutation: Scrolls take you a little longer to read. [a cacodemon]
 23528 | Dis:7    | Gained mutation: You are frail (-10% HP). [a cacodemon]
 23627 | Dis:7    | Noticed an iron giant
 23638 | Dis:7    | Killed an iron giant
 23640 | Dis:7    | Noticed an iron giant
 23647 | Dis:7    | HP: 16/373 [stone giant/large rock[an iron giant] (34)]
 23648 | Dis:7    | Killed an iron giant
 23681 | Dis:7    | Identified Yngedgh's Papyrus of Shape Shifting (You found it on level 7 of the Iron City of Dis)
 23736 | Dis:7    | Noticed Dispater
 23751 | Dis:7    | Killed Dispater
 23758 | Dis:7    | Got an iron rune of Zot
 23855 | Dis:7    | Found a gateway to Hell.
 23926 | Hell     | Found a gateway to the freezing wastes of Cocytus.
 23946 | Coc:1    | Entered Level 1 of Cocytus
 23946 | Coc:1    | Found a gateway to Hell.
 23963 | Coc:2    | Found a gateway to Hell.
 24006 | Coc:2    | You fall through a shaft for 2 floors!
 24022 | Coc:4    | MOVE
 24022 | Coc:4    | Reached skill level 27 in Fighting
 24036 | Coc:5    | Found a gateway to Hell.
 24095 | Coc:5    | Found a gateway to Hell.
 24100 | Coc:5    | Found a gateway to Hell.
 24133 | Coc:6    | Found a gateway to Hell.
 24312 | Coc:7    | Entered Level 7 of Cocytus
 24312 | Coc:7    | Found a gateway to Hell.
 24312 | Coc:7    | Found a gateway to Hell.
 24312 | Coc:7    | Found a gateway to Hell.
 24550 | Coc:7    | Reached skill level 15 in Earth Magic
 24830 | Coc:7    | Noticed Antaeus
 24846 | Coc:7    | Killed Antaeus
 24850 | Coc:7    | Got an icy rune of Zot
 24953 | Hell     | Found a gateway to the decaying netherworld of Tartarus.
 24961 | Tar:1    | Entered Level 1 of Tartarus
 24961 | Tar:1    | Found a gateway to Hell.
 25152 | Tar:2    | Found a gateway to Hell.
 25171 | Tar:2    | Found a gateway to Hell.
 25308 | Tar:3    | Found a gateway to Hell.
 25415 | Tar:3    | Found a gateway to Hell.
 25416 | Tar:3    | Found a gateway to Hell.
 25568 | Tar:4    | Found a gateway to Hell.
 25878 | Tar:5    | Found a gateway to Hell.
 25910 | Tar:6    | Found a gateway to Hell.
 25938 | Tar:6    | Found a gateway to Hell.
 25975 | Tar:6    | Found a gateway to Hell.
 26093 | Tar:7    | Entered Level 7 of Tartarus
 26093 | Tar:7    | Found a gateway to Hell.
 26093 | Tar:7    | Found a gateway to Hell.
 26093 | Tar:7    | Found a gateway to Hell.
 26267 | Tar:7    | Cast into level 2 of the Abyss (reaper)
 26271 | Abyss:2  | Found a corrupted altar of Lugonu.
 26291 | Abyss:2  | Found a corrupted altar of Lugonu.
 26680 | Abyss:3  | Found a corrupted altar of Lugonu.
 27199 | Abyss:3  | Gained mutation: Scrolls take you longer to read. [a neqoxec]
 27205 | Abyss:3  | Lost mutation: Your spells are a little harder to cast, but a little more powerful. [potion of cure mutation]
 27205 | Abyss:3  | Lost mutation: You possess an exceptional clarity of mind. [potion of cure mutation]
 27205 | Abyss:3  | Lost mutation: You expend magic power (3 MP) to strengthen your wands. [potion of cure mutation]
 27205 | Abyss:3  | Lost mutation: You are clumsy. (Dex -2) [potion of cure mutation]
 27294 | Abyss:3  | Paralysed by accursed screaming for 2 turns
 27328 | Abyss:5  | Entered Level 5 of the Abyss
 27389 | Abyss:5  | Lost mutation: You are frail (-10% HP). [a shining eye]
 27406 | Abyss:5  | jacquesderrida: tweens
 27429 | Abyss:5  | Gained mutation: You are clumsy. (Dex -2) [a cacodemon]
 27569 | Abyss:5  | Paralysed by accursed screaming for 1 turns
 27731 | Abyss:5  | Paralysed by accursed screaming for 1 turns
 27832 | Abyss:5  | Got an abyssal rune of Zot
 27915 | Tar:7    | Escaped the Abyss
 28123 | Tar:7    | Noticed Ereshkigal
 28134 | Zig:1    | Entered Level 1 of a ziggurat
 28170 | Zig:2    | Entered Level 2 of a ziggurat
 28214 | Zig:3    | Entered Level 3 of a ziggurat
 28241 | Zig:4    | Entered Level 4 of a ziggurat
 28260 | Zig:4    | Got a smoking lead ring
 28264 | Zig:4    | Identified the ring of Zeche {rCorr rPois MR- Str+3} (You found it on level 4 of a ziggurat)
 28270 | Zig:5    | Entered Level 5 of a ziggurat
 28275 | Zig:5    | Noticed a juggernaut
 28283 | Zig:5    | Killed a juggernaut
 28300 | Zig:6    | Entered Level 6 of a ziggurat
 28319 | Zig:6    | Got a translucent jade ring
 28322 | Zig:6    | Identified the ring of the Heavens {Wiz rC+} (You found it on level 6 of a ziggurat)
 28332 | Zig:7    | Entered Level 7 of a ziggurat
 28365 | Zig:8    | Entered Level 8 of a ziggurat
 28388 | Zig:8    | Got a flickering pewter ring
 28390 | Zig:8    | Identified the ring of Ifac {SustAt Dex+5} (You found it on level 8 of a ziggurat)
 28402 | Tar:7    | 4thArraOfDagon: ded :(
 28411 | Tar:7    | HP: 8/323 [bone dragon[a doom hound] (13)]
 28411 | Tar:7    | Slain by a shadow dragon

Vault maps used:
D:1:      lightli_arrival_noodles
D:2:      lemuel_coloured_pillars_altar, glass_columns_a
D:3:      ecumenical_altar_1, first_bread, uniq_grinder
D:5:      grunt_temple_overflow_magic_moments, minmay_temple_entry_junction2,
          basic_altar, hangedman_decor_riveting, minivault_23
D:6:      grunt_temple_overflow_forces_of_nature, kennysheep_ying_yang,
          serial_shops, shop_fountains, grunt_ministairs_11
D:7:      minitemple, grunt_livestock
D:8:      serial_undead, serial_undead_c, serial_undead_a, serial_undead_f,
          serial_undead_c, serial_undead_d, serial_undead_d, uniq_psyche,
          uniq_erica
D:9:      grunt_temple_overflow_order_and_chaos_1, nicolae_ru_awakened_eye,
          minmay_lair_entry_lava, nicolae_gozag_zags_fifth_avenue, uniq_pikel
D:10:     serial_shops, shop
D:11:     minmay_misc_feat_tiny
D:12:     minmay_octo_star, orc_david_3, basic_altar, uniq_nessos
D:13:     hangedman_vaults_entry_quadrant_bands, lab_entry_generic, basic_altar
D:14:     serial_shops, shop_fountains, due_unseen_surprise
D:15:     gammafunk_depths_entry_grave, minivault_26, serial_shops,
          nicolae_shop_trees, corexii_checkpoint_a, uniq_azrael
Temple:   hc_temple_tempest_star_small
Lair:1:   zaba_anthole, st_stairs_6, lemuel_centaur_altar
Lair:2:   grunt_megastairs_2
Lair:3:   lemuel_old_faithful, grunt_megastairs_3, uniq_sonja
Lair:4:   minmay_lair_oklob_tunnel, uniq_josephine
Lair:5:   spider_nest_entry_web_field, infiniplex_staircase_pool_2
Lair:6:   mu_elephants_graveyard, elwin_shoals_entry_stream, slime_altar_2,
          lemuel_fruit_tree
Lair:7:   beast_lair_carwin_large_1, minmay_stone_trees_medium
Lair:8:   guppyfry_lair_end_dragon
Shoals:1: st_shoals_ruin
Shoals:2: serial_shops, shop, nicolae_shoals_so_close
Shoals:4: shoals_end_simple, shoal_ilsuiw, serial_shops, shop, shop, shop,
          hangedman_shoals_cup_caves
Spider:1: spider_trap, uniq_roxanne, uniq_asterion, uniq_rupert
Spider:2: uniq_arachne
Spider:3: nicolae_spider_stair_cavern, nicolae_spider_cling_ruins
Spider:4: grunt_spider_rune_circles
Slime:5:  uniq_donald
Orc:1:    portal_ice_cave_entry_ice_beasts, special_room,
          nicolae_orc_bridge_out, hangedman_feature_mirror, uniq_snorg,
          uniq_nergalle
Orc:2:    pubby_orc_utopia
Vaults:1: v_misc_14, v_misc_13, nicolae_vaults_yaktaur_gun_rack,
          vaults_room_fours, vaults_room_large_hall,
          nicolae_vaults_angled_halls, ontoclasm_vaults_eye, v_pattern_1,
          nicolae_vaults_mini_display_case, v_rooms_3, ontoclasm_vaults_hangar,
          serial_ice_h, ontoclasm_vaults_idyll, serial_shops, shop,
          nicolae_shop_behind_doors, nicolae_shop_behind_doors
Vaults:2: ontoclasm_vaults_tryst, minmay_crypt_entry_necro_gods,
          ontoclasm_vaults_twist, v_misc_4, v_misc_10,
          nicolae_vaults_big_angled_halls, hangedman_vaults_nails,
          nicolae_vaults_windows_and_doors_thing, hangedman_vaults_maws,
          dpeg_vaults_monster_box, enter_trove_0
Vaults:3: hangedman_vaults_variations, vaults_room_fancy_cross,
          vaults_mumra_minichess, nicolae_vaults_ring_of_whatevers,
          nicolae_vaults_sealed_display, vaults_room_boxed,
          hangedman_vaults_pinch, v_misc_19, nicolae_vaults_little_ls,
          nicolae_vaults_murderbox, ontoclasm_vaults_decontamination,
          vaults_dpeg_diagonal, vaults_dpeg_encased_lava,
          ontoclasm_vaults_loading_screen, vaults_room_door_hall
Vaults:4: v_misc_29, vaults_room_corners, nicolae_vaults_disjoint_gnomons,
          nicolae_vaults_angled_halls, nicolae_vaults_three_branches,
          st_greater_box_4, vaults_dpeg_doors, grunt_vaults_trifunnel,
          hangedman_vaults_hat, nicolae_vaults_diagonal_hallway_7,
          vaults_dpeg_cross, nicolae_vaults_ring_of_whatevers, uniq_boris
Vaults:5: serial_shops
Crypt:1:  lemuel_hellish_altar, grunt_crypt_arrival_webbed
Crypt:2:  basic_altar, infiniplex_enter_wizlab_spiral, lemuel_dead_fish_pool,
          uniq_jory
Crypt:3:  david_glass_crypt
Depths:1: rand_demon_pan_entry_9, pf_hell_entry_great_geh,
          hangedman_decor_peaks_small, kennysheep_just_a_vault,
          hangedman_decor_cross_pass, serial_bayou_shore_b
Dis:4:    grunt_dis_stairs_iron_hall
Dis:7:    iron_city_of_dis
Coc:6:    special_room
Coc:7:    coc_dpeg
Tar:2:    nicolae_tar_cuneiform_sun
Tar:3:    minmay_shadows, grunt_megastairs_4
Tar:7:    tar_mu
Abyss:2:  hangedman_cross_veins
Abyss:4:  evilmike_abyss_rune_tentacle_tunnel
Abyss:5:  nicolae_abyss_rune_containment_breach, minivault_5
Zig:5:    ziggurat_pillar_centre_c
Lab:      labyrinth_watery, nicolae_lab_garden
IceCv:    ice_cave_statue_garden_01
WizLab:   wizlab_wucad

Skill      XL: |  1  2  3  4  5  6  7  8  9 10 11 12 13 14 15 16 17 18 19 20 21 22 23 24 25 26 27 |
---------------+----------------------------------------------------------------------------------+-----
Throwing       | 3 |  3.0
Maces & Flails | 2 3 5 6 7 8 9 10 12 13 16 18 20 24 27 | 27.0
Dodging        | 2 3 4 5 6 8 10 11 13 | 13.0
Invocations    | 2 3 5 7 9 10 12 | 12.4
Fighting       | 2 3 4 6 7 8 9 11 13 14 15 17 19 20 21 23 25 27 | 27.0
Armour         | 1 2 3 4 |  4.6
Shields        | 4 6 8 10 11 13 15 16 | 16.2
Evocations     | 1 4 5 |  5.6
Transmutations | 2 4 6 |  6.7
Spellcasting   | 2 5 6 8 9 12 14 15 16 17 23 | 23.1
Earth Magic    | 1 4 6 8 9 11 20 | 20.1
Charms         | 3 |  3.8
Necromancy     | 3 |  3.9
Conjurations   | 2 |  2.5
Hexes          | |  2.1

Action                   |  1- 3 |  4- 6 |  7- 9 | 10-12 | 13-15 | 16-18 | 19-21 | 22-24 | 25-27 || total
-------------------------+-------+-------+-------+-------+-------+-------+-------+-------+-------++-------
Melee: Club              |    38 |       |       |       |       |       |       |       |       ||    38
       Unarmed           |     1 |       |       |       |       |       |       |       |       ||     1
       Mace              |     8 |     6 |       |       |       |       |       |       |       ||    14
       Flail             |       |    31 |       |       |       |       |       |       |       ||    31
       Eveningstar       |       |    70 |   147 |   425 |  1142 |   995 |  1075 |   563 |  2570 ||  6987
Throw: Tomahawk          |    12 |       |       |       |       |       |       |       |       ||    12
       Large rock        |     5 |     9 |       |       |    18 |    67 |       |       |     6 ||   105
       Throwing net      |     1 |     3 |     2 |     2 |       |       |       |       |       ||     8
 Cast: Statue Form       |       |       |       |       |    28 |    66 |    40 |    22 |    90 ||   246
       Regeneration      |       |       |       |       |     9 |    32 |    50 |    26 |   108 ||   225
       Iron Shot         |       |       |       |       |     2 |       |       |       |     1 ||     3
       Repel Missiles    |       |       |       |       |       |     7 |     1 |       |       ||     8
       Spectral Weapon   |       |       |       |       |       |     4 |     7 |     6 |     5 ||    22
       Deflect Missiles  |       |       |       |       |       |       |     1 |     1 |     1 ||     3
       Silence           |       |       |       |       |       |       |       |       |     4 ||     4
       Blink             |       |       |       |       |       |       |       |       |     5 ||     5
       Shatter           |       |       |       |       |       |       |       |       |    53 ||    53
       Apportation       |       |       |       |       |       |       |       |       |    12 ||    12
Invok: Bend Time         |       |       |     2 |     1 |       |       |       |       |       ||     3
       Slouch            |       |       |       |     6 |    19 |    14 |    21 |     9 |    16 ||    85
       Temporal Distorti |       |       |       |     1 |       |     2 |     1 |     6 |     3 ||    13
 Abil: End Transformatio |       |       |       |       |     2 |     4 |     6 |     1 |     3 ||    16
Evoke: Wand              |       |       |     1 |     6 |       |    12 |     5 |     4 |     2 ||    30
       Deck              |       |       |       |       |       |     2 |     2 |       |       ||     4
       Box of beasts     |       |       |       |       |       |     6 |     5 |       |       ||    11
       Disc of storms    |       |       |       |       |       |     5 |       |       |       ||     5
       Fan of gales      |       |       |       |       |       |       |     1 |       |     1 ||     2
       Phial of floods   |       |       |       |       |       |       |     1 |       |       ||     1
       Figurine of a zig |       |       |       |       |       |       |       |       |     1 ||     1
  Use: Scroll            |     1 |     4 |     2 |    15 |    17 |    17 |    12 |    12 |    21 ||   101
       Potion            |     1 |       |     1 |     2 |     4 |    19 |     2 |     2 |    22 ||    53
 Stab: Sleeping          |       |     1 |       |       |     1 |       |       |       |       ||     2
       Held in net/web   |       |       |     3 |     1 |       |       |       |       |       ||     4
       Distracted        |       |       |       |       |       |     1 |     2 |     1 |     1 ||     5
  Eat: Chunk             |       |     4 |     3 |     7 |    18 |     9 |     8 |     3 |     3 ||    55
       Pizza             |       |       |       |     2 |     1 |     8 |       |     4 |       ||    15
       Fruit             |       |       |       |     1 |     4 |    17 |     1 |     3 |       ||    26
       Royal jelly       |       |       |       |     1 |     1 |       |       |     1 |     2 ||     5
       Beef jerky        |       |       |       |       |     3 |       |     1 |       |       ||     4
       Meat ration       |       |       |       |       |       |       |     1 |       |     3 ||     4
       Bread ration      |       |       |       |       |       |       |       |       |     4 ||     4
